 Dungeon Crawl Stone Soup version 0.24.0-123-gd5b16e6ec5 (webtiles) character file.

Game seed: 15899128426830970372, levelgen mode: deterministic

341910 Yooyi the Severer (level 21, -1/210 HPs)
             Began as a Demonspawn Gladiator on Jan 19, 2020.
             Was the Champion of Ru.
             Slain by a stone giant (17 damage)
             ... on level 5 of the Vaults.
             The game lasted 02:49:36 (56313 turns).

Yooyi the Severer (Demonspawn Gladiator)           Turns: 56313, Time: 02:49:36

Health: -1/210     AC: 34    Str: 28    XL:     21   Next: 40%
Magic:  28/28      EV: 10    Int: 10    God:    Ru [******]
Gold:   2064       SH:  0    Dex: 19    Spells: 20/20 levels left

rFire    + . .     SeeInvis +   a - +4 broad axe (chop)
rCold    + . .     Gourm    .   A - +0 large shield
rNeg     . . .     Faith    .   S - +4 gold dragon scales
rPois    +         Spirit   .   l - +2 helmet {SInv}
rElec    .         Reflect  .   v - +2 cloak {+Inv}
rCorr    +         Harm     .   (gloves unavailable)
MR       +....                  (no boots)
Stlth    ..........             R - amulet of rage
HPRegen  0.45/turn              L - ring of resist corrosion
MPRegen  0.21/turn              x - +5 ring of slaying

@: confused, mighty, agile, exhausted, hasted, heavily drained, very quick
A: claws 3, slimy green scales 3, clumsy 1, poison resistance, powered by pain
2, robust 2, wild magic 1, no stealth, hated by all, no charms magic, no ice
magic, no transmutations magic, MP-powered wands, inexperienced 1
}: 1/15 runes: gossamer
a: Draw Out Power, Power Leap, Apocalypse, Renounce Religion, Evoke Berserk
Rage, Evoke Invisibility


You were on level 5 of the Vaults.
You worshipped Ru.
Ru was exalted by your worship.
You were near starving.

You visited 5 branches of the dungeon, and saw 32 of its levels.
You visited 1 bazaar.
You also visited: Gauntlet.

You collected 3889 gold pieces.
You spent 1825 gold pieces at shops.

Inventory:

Hand Weapons
 a - a +4 broad axe of chopping (weapon)
 K - a +0 scimitar of flaming
 Y - a +2 broad axe of freezing
Missiles
 d - 4 throwing nets
 D - 6 javelins (quivered)
 I - 20 silver javelins
 J - 67 poisoned darts
 N - 4 atropa-tipped darts
 V - 14 curare-tipped darts
Armour
 l - a +2 helmet of see invisible (worn)
 n - a scarf of resistance
 v - a +2 cloak of invisibility (worn)
 A - a +0 large shield (worn)
 M - a +3 scale mail of fire resistance
 S - +4 gold dragon scales (worn)
 X - a +1 scale mail of cold resistance
Jewellery
 x - a +5 ring of slaying (right claw)
 L - a ring of resist corrosion (left claw)
 R - an amulet of rage (around neck)
Wands
 b - a wand of disintegration (13)
 g - a wand of acid (25)
 y - a wand of paralysis (8)
 G - a wand of iceblast (39)
 Q - a wand of scattershot (9)
 U - a wand of digging (12)
Scrolls
 e - a scroll of identify
 j - 17 scrolls of remove curse
 k - 5 scrolls of fear
 p - 4 scrolls of teleportation
 t - 7 scrolls of magic mapping
 B - a scroll of silence
 C - 4 scrolls of fog
 Z - 2 scrolls of blinking
Potions
 c - 3 potions of cancellation
 i - 10 potions of curing
 o - 8 potions of lignification
 q - 5 potions of berserk rage
 r - 6 potions of agility
 s - 7 potions of might
 u - 2 potions of brilliance
 z - 2 potions of flight
 E - 3 potions of ambrosia
 F - 3 potions of resistance
 H - 2 potions of haste
 T - a potion of magic
 W - a potion of invisibility
Miscellaneous
 O - a lamp of fire
Comestibles
 f - 51 rations


   Skills:
 + Level 17.6(15.6) Fighting
   Level 6.2(4.7) Short Blades
 - Level 18.0(16.0) Axes
 * Level 8.3(6.7) Throwing
 * Level 15.7(13.8) Armour
 - Level 3.1(1.8) Dodging
 + Level 17.0(15.1) Shields
 * Level 9.3(7.7) Evocations


You had 20 spell levels left.
You didn't know any spells.
Your spell library contained the following spells:

 Spells                   Type           Power        Failure   Level  Hunger
 Apportation              Tloc           #.....       100%        1    ##.....
 Confusing Touch          Hex            #.....       100%        1    ##.....
 Magic Dart               Conj           #...         100%        1    ##.....
 Corpse Rot               Necr           N/A          100%        2    ###....
 Searing Ray              Conj           #.....       100%        2    ###....
 Sublimation of Blood     Necr           #.........   100%        2    ###....
 Dazzling Spray           Conj/Hex       #.....       100%        3    ####...
 Lesser Beckoning         Tloc           #.........   100%        3    ####...
 Tukima's Dance           Hex            #.......     100%        3    ####...
 Force Lance              Conj/Tloc      #.......     100%        4    #####..
 Fulminant Prism          Conj/Hex       #.........   100%        4    #####..
 Iskenderun's Mystic Bla  Conj           #.......     100%        4    #####..
 Agony                    Necr           #.......     100%        5    ######.
 Bolt of Draining         Conj/Necr      #.........   100%        5    ######.
 Bolt of Magma            Conj/Fire/Erth #.........   100%        5    ######.
 Dispel Undead            Necr           #.......     100%        5    ######.
 Silence                  Hex/Air        #.........   100%        5    ######.
 Venom Bolt               Conj/Pois      #.........   100%        5    ######.
 Conjure Ball Lightning   Conj/Air       #.........   100%        6    #######
 Invisibility             Hex            #.......     100%        6    #######
 Iron Shot                Conj/Erth      #.........   100%        6    #######
 Poison Arrow             Conj/Pois      #.........   100%        6    #######
 Orb of Destruction       Conj           #.........   100%        7    #######
 Chain Lightning          Conj/Air       #.........   100%        8    #######
 Lehudib's Crystal Spear  Conj/Erth      #.........   100%        8    #######
 Fire Storm               Conj/Fire      #.........   100%        9    #######
 Tornado                  Air            #.........   100%        9    #######
 Animate Skeleton         Necr           Unusable     N/A         1    N/A
 Summon Butterflies       Summ           Unusable     N/A         1    N/A
 Summon Small Mammal      Summ           Unusable     N/A         1    N/A
 Call Imp                 Summ           Unusable     N/A         2    N/A
 Call Canine Familiar     Summ           Unusable     N/A         3    N/A
 Ignite Poison            Fire/Tmut/Pois Unusable     N/A         3    N/A
 Summon Guardian Golem    Hex/Summ       Unusable     N/A         3    N/A
 Petrify                  Tmut/Erth      Unusable     N/A         4    N/A
 Summon Ice Beast         Ice/Summ       Unusable     N/A         4    N/A
 Summon Lightning Spire   Summ/Air       Unusable     N/A         4    N/A
 Alistair's Intoxication  Tmut/Pois      Unusable     N/A         5    N/A
 Excruciating Wounds      Chrm/Necr      Unusable     N/A         5    N/A
 Irradiate                Conj/Tmut      Unusable     N/A         5    N/A
 Iskenderun's Battlesphe  Conj/Chrm      Unusable     N/A         5    N/A
 Deflect Missiles         Chrm/Air       Unusable     N/A         6    N/A
 Spellforged Servitor     Conj/Summ      Unusable     N/A         7    N/A
 Glaciate                 Conj/Ice       Unusable     N/A         9    N/A

Dungeon Overview and Level Annotations

Branches:
Dungeon (15/15)            Temple (0/1) D:5            Lair (6/6) D:9
 Shoals (0/4) Lair:3       Spider (4/4) Lair:2        Slime (0/5) Lair:5
    Orc (2/2) D:11            Elf (0/3) Orc:2        Vaults (5/5) D:14
  Crypt (0/3) Vaults:2     Depths (0/5) D:15        Gauntlet (visited)

Altars:
Dithmenos
Fedhas
Hepliaklqana
Kikubaaqudgha
Nemelex Xobeh
Ru
Sif Muna
Uskayaw
Vehumet
Zin
Jiyva

Shops:
D:14 [:   Orc:2 *[}*   Vaults:3 ?   Vaults:4 %

Annotations:
D:1 1 runed translucent door
D:8 exclusion: 2 downstairs
D:9 exclusion: 2 downstairs, Mesmaeker13's ghost, journeyman TrMo
D:10 exclusion: 2 downstairs
D:12 exclusion: 2 downstairs
D:13 exclusion: 2 downstairs, Rupert
D:14 exclusion: 2 downstairs
Lair:5 1 runed translucent door
Vaults:3 1 runed translucent door, christhawk's ghost, adept MiHu


Innate Abilities, Weirdness & Mutations

You have claws for hands.
You are completely covered in slimy green scales. (AC +4, rPois)
((A demonic guardian rushes to your aid.))
You sometimes gain power by taking damage.
You are very robust. (+20% HP)
You cannot be stealthy.
You are hated by all.
You cannot study or cast Charms magic.
You cannot study or cast Ice magic.
You cannot study or cast Transmutations magic.
You are somewhat inexperienced. (-2 XL)
You are clumsy. (Dex -2)
Your system is resistant to poisons. (rPois)
Your spells are a little harder to cast, but a little more powerful.
You expend magic power (3 MP) to strengthen your wands.


Message History

The two-headed ogre hits you but does no damage.
The war gargoyle hits you with a +0 great mace!
* * * LOW HITPOINT WARNING * * *
You focus on the pain.
You feel mightier all of a sudden.
You focus your will and blind the war gargoyle in retribution!
Okay, then.
You slice the war gargoyle!!
You destroy the war gargoyle!
You slice the two-headed ogre!!
You kill the two-headed ogre!
Okay, then.
You are confused.
You feel invigorated.
The stone giant is stunned by your will and fails to attack.
You slice the stone giant!!
The stone giant is almost dead.
You bump into the heavily etched metal wall.
The stone giant hits you!
You die...

.... # .... .# ....
...# #### ....#
#########
###########'...
........###.....°()))##
.'##+....O....'##+).c.#
.#.|#....#....#))#)...#
.#[|#....#....#(@#)...#
.+##'....'....[##CX...#
.†.[....###...CC(eu..##
#+##'##+# #'##e##)##'#
........# # .(.u.....#
.+##+....#....'##)....
....#....# )#....#
....#. .. . ....# ....'
# ....#


You could see a tentacled monstrosity, a stone giant, a cyan ugly thing and a
deep elf demonologist.

Vanquished Creatures
  Mennas (Vaults:2)
  Sojobo (Vaults:2)
  A golden dragon (Vaults:5)
  A lich (Vaults:3)
  3 titans (Vaults:5)
  A quicksilver dragon (Vaults:5)
  A shadow dragon (Vaults:5)
  An ancient champion (Vaults:2)
  A storm dragon (Vaults:5)
  5 sphinxes
  4 tengu reavers
  3 frost giants
  4 fire giants
  2 deep elf sorcerers (Vaults:2)
  An iron dragon (Vaults:5)
  6 ghost moths
  12 vault wardens
  Louise (D:14)
  A ghoul (Vaults:2)
  10 emperor scorpions
  3 war gargoyles
  17 ironheart preservers
  10 very ugly things
  A caustic shrike skeleton (D:15)
  12 stone giants
  6 entropy weavers
  2 deep elf demonologists
  A minotaur (Gauntlet)
  2 spark wasps (Spider:4)
  A crystal guardian (Vaults:3)
  4 ettins
  Snorg (Lair:4)
  A fire dragon (Vaults:1)
  3 deep elf death magi
  6 yaktaur captains
  16 ogre magi
  Erolcha (D:10)
  3 ice dragons
  The ghost of Nebesus the Slicer, a journeyman KoBe of Trog (D:10)
  A deep elf high priest (Vaults:5)
  2 great orbs of eyes (Vaults:3)
  3 rakshasas
  7 centaur warriors
  28 vault guards
  6 hydras
  A death knight (Vaults:3)
  58 two-headed ogres
  3 death yaks (Lair:5)
  A queen ant (Spider:1)
  A tengu warrior (D:13)
  A vampire mage (D:14)
  An orc high priest (Orc:2)
  The ghost of brucemayne the Cleaver, a novice HOMo of the Shining One (D:11)
  Urug (D:13)
  8 deep elf knights
  A shadow wraith (Vaults:4)
  An entropy weaver zombie (Spider:1)
  7 skeletal warriors
  A golden dragon zombie (D:15)
  16 deep trolls
  3 unseen horrors
  2 glowing orange brains
  2 spark wasp zombies
  5 wizards
  A ghost moth zombie (Spider:1)
  A flayed ghost (Vaults:5)
  4 harpies (Vaults:2)
  A phantasmal warrior (Vaults:2)
  A swamp dragon (shapeshifter) (Vaults:5)
  A tengu zombie (Vaults:1)
  13 ironbrand convokers
  11 deep elf archers
  A wolf spider zombie (Spider:1)
  2 orc sorcerers
  20 deep elf magi
  3 necromancers
  26 ugly things
  19 orc knights
  11 orb spiders
  22 wolf spiders
  10 cyclopes
  3 manticores
  A moth of wrath (Spider:1)
  9 vault sentinels
  Joseph (D:7)
  A black mamba (Lair:6)
  6 elephants
  2 centaur zombies (D:14)
  10 spiny frogs
  A black mamba (shapeshifter) (Vaults:4)
  2 redback zombies (Spider:1)
  A gargoyle (D:8)
  2 komodo dragons (shapeshifter)
  3 rime drakes
  55 yaktaurs
  4 freezing wraiths
  6 komodo dragons
  A kobold demonologist (D:11)
  A human skeleton (Vaults:1)
  20 demonic crawlers
  4 polar bears (Lair:6)
  A tengu conjurer (D:13)
  33 jumping spiders
  A merfolk (shapeshifter) (Vaults:5)
  A wind drake (shapeshifter) (Vaults:4)
  17 trolls
  A jumping spider zombie (Spider:1)
  4 tyrant leeches (Spider:3)
  6 dream sheep
  A hornet (shapeshifter) (Vaults:4)
  21 hornets
  26 slime creatures
  A hippogriff (shapeshifter) (Vaults:2)
  Prince Ribbit (D:8)
  2 tarantella zombies (Spider:1)
  14 hippogriffs
  A dream sheep (shapeshifter) (Vaults:5)
  4 blink frogs (Lair:2)
  A fire giant simulacrum (Vaults:1)
  A flying skull (Vaults:2)
  A deep troll skeleton (D:15)
  12 spriggans
  86 redbacks
  4 shadows
  18 tarantellas
  2 wyverns
  5 wraiths
  48 yaks
  A hog (shapeshifter) (Vaults:5)
  4 hungry ghosts
  A basilisk (Lair:3)
  A steam dragon (D:9)
  A yaktaur simulacrum (Vaults:3)
  2 insubstantial wisps (D:9)
  4 vampire mosquitoes (Spider:1)
  4 small abominations (Spider:1)
  25 soldier ants (Spider:1)
  10 wargs
  5 acid dragons
  An orb spider zombie (Spider:1)
  10 porcupines
  11 water moccasins
  46 orc warriors
  A phantom (D:9)
  54 ogres
  6 sky beasts
  A black bear (shapeshifter) (Vaults:2)
  5 ice beasts
  13 boggarts
  2 eyes of draining
  4 black bears (Lair:6)
  A necrophage (D:8)
  21 centaurs
  22 wolves
  A torpor snail zombie (Spider:1)
  8 big kobolds
  11 crocodiles
  Blork the orc (D:4)
  22 bullfrogs
  5 gnoll sergeants
  4 earth elementals (Spider:3)
  A wyvern skeleton (D:9)
  10 scorpions
  A human simulacrum (Vaults:1)
  21 killer bees
  5 howler monkeys
  A vampire bat (D:3)
  11 wights
  3 electric eels
  10 crimson imps
  3 bullfrog zombies
  6 jellies
  A quasit (D:6)
  7 centaur skeletons
  33 orc priests
  9 hounds
  47 worker ants
  Natasha (D:2)
  4 iguanas
  31 orc wizards
  4 hell rats (Lair:5)
  2 hound zombies
  2 hound skeletons
  A howler monkey zombie (D:9)
  3 worker ant zombies (D:6)
  6 gnolls (D:11)
  11 adders
  4 shadow imps
  2 oozes (D:1)
  An adder skeleton (D:6)
  2 worms
  5 dart slugs
  10 leopard geckos
  120 orcs
  A ball python (D:2)
  7 giant cockroaches
  8 goblins
  11 hobgoblins
  17 jackals
  A quokka (D:2)
  13 bats
  8 frilled lizards
  28 kobolds
  A quokka zombie (D:6)
  4 rats
  8 crawling corpses (Spider:1)
  3 fungi
  7 plants
  3 withered plants (D:15)
1711 creatures vanquished.

Vanquished Creatures (collateral kills)
  An ogre mage (Orc:2)
  A hydra (Lair:2)
  A two-headed ogre (D:9)
  An orc knight (D:14)
  A centaur skeleton (D:12)
  A yaktaur (D:14)
  An efreet (D:13)
  A troll (D:11)
  A slime creature (D:12)
  A redback (D:15)
  A yak (Lair:2)
  A steam dragon (D:7)
  2 orc warriors
  A sky beast (D:6)
  A black bear (D:6)
  An ice beast (D:11)
  5 ogres
  2 bullfrogs
  A crimson imp (D:3)
  3 orc wizards
  A bullfrog skeleton (D:9)
  A gnoll (D:11)
  4 orcs
  3 bats (D:3)
  A quokka (D:8)
  2 kobolds (D:9)
40 creatures vanquished.

Vanquished Creatures (others)
  Donald (Orc:2)
  A vault warden (Vaults:1)
  A very ugly thing (Vaults:5)
  A hydra (Lair:5)
  A dancing weapon (Vaults:4)
  2 spriggans (Lair:6)
  2 deep elf magi
  A wolf spider (Spider:1)
  An ugly thing (D:14)
  A vault sentinel (Vaults:3)
  A spiny frog (Lair:6)
  2 yaktaurs
  3 hornets
  A tarantella zombie (Spider:1)
  A tarantella (Spider:1)
  A wyvern (D:10)
  4 redbacks
  A warg (D:11)
  An orb spider zombie (Spider:1)
  A soldier ant (Spider:1)
  An orc warrior (D:11)
  A sky beast (D:9)
  2 centaurs
  A wyvern skeleton (D:14)
  3 orc wizards
  A worker ant (Spider:1)
  A gnoll (D:10)
  2 orcs
  14 fungi
  4 pillars of salt (Vaults:4)
  8 plants
  6 withered plants (D:15)
72 creatures vanquished.

Grand Total: 1823 creatures vanquished

Notes
Turn   | Place    | Note
-------+----------+-------------------------------------------
     0 | D:1      | Yooyi the Demonspawn Gladiator began the quest for the Orb.
     0 | D:1      | Reached XP level 1. HP: 16/16 MP: 1/1
     0 | D:1      | Noticed a jelly
     0 | D:1      | Noticed a jelly
     1 | D:1      | Found a runed translucent door.
    81 | D:1      | Gained mutation: You have sharp fingernails. [demonic
                  | ancestry]
    81 | D:1      | Reached XP level 2. HP: 22/22 MP: 2/2
   128 | D:1      | Reached skill level 3 in Axes
   414 | D:1      | Reached XP level 3. HP: 27/27 MP: 3/3
   905 | D:2      | Reached skill level 1 in Short Blades
  1243 | D:2      | Noticed Natasha
  1255 | D:2      | Killed Natasha
  1255 | D:2      | Reached XP level 4. HP: 8/34 MP: 4/4
  1755 | D:3      | Reached skill level 1 in Armour
  2220 | D:3      | Gained mutation: A weak demonic guardian rushes to your
                  | aid. [demonic ancestry]
  2220 | D:3      | Reached XP level 5. HP: 36/40 MP: 5/5
  2915 | D:3      | Gained mutation: You are partially covered in slimy green
                  | scales. (AC +2) [demonic ancestry]
  2915 | D:3      | Reached XP level 6. HP: 44/47 MP: 6/6
  3229 | D:4      | Found a sacrificial altar of Ru.
  3258 | D:4      | Got a scorched leather armour
  3289 | D:3      | Identified the +0 leather armour of Noon {*Corrode rElec
                  | rPois Dex+3} (You found it on level 4 of the Dungeon)
  3398 | D:4      | Noticed Blork the orc
  3407 | D:4      | Killed Blork the orc
  3776 | D:4      | Gained mutation: You have very sharp fingernails. [demonic
                  | ancestry]
  3776 | D:4      | Reached XP level 7. HP: 54/54 MP: 7/7
  4089 | D:5      | Entered Level 5 of the Dungeon
  4117 | D:4      | Became a worshipper of Ru the Awakened
  4387 | D:5      | Reached skill level 1 in Shields
  4537 | D:5      | Found a staircase to the Ecumenical Temple.
  4694 | D:5      | Found a hide-covered altar of Uskayaw.
  4703 | D:5      | Noticed a +0 hand axe
  4703 | D:5      | Noticed a +0 dagger
  4850 | D:5      | Found a glowing silver altar of Zin.
  5050 | D:6      | Gained mutation: You have claws for hands. [demonic
                  | ancestry]
  5050 | D:6      | Reached XP level 8. HP: 58/61 MP: 8/8
  5212 | D:6      | Reached skill level 5 in Short Blades
  5589 | D:6      | Reached skill level 5 in Fighting
  5910 | D:6      | Reached skill level 5 in Shields
  5910 | D:6      | Reached XP level 9. HP: 67/68 MP: 9/9
  6288 | D:6      | Got a faintly glowing spear
  6289 | D:6      | Identified the +4 spear "Demonspawn's Foe" {antimagic,
                  | +Blink MR+ Dex+3 Stlth-} (You found it on level 6 of the
                  | Dungeon)
  6595 | D:7      | Found a shimmering blue altar of Sif Muna.
  6595 | D:7      | Found a shadowy altar of Dithmenos.
  6759 | D:7      | Noticed Joseph
  6780 | D:7      | Killed Joseph
  6812 | D:7      | Found an ancient bone altar of Kikubaaqudgha.
  7461 | D:7      | Found a radiant altar of Vehumet.
  7689 | D:8      | Reached skill level 5 in Armour
  7957 | D:8      | Noticed Prince Ribbit
  8300 | D:8      | Gained mutation: You are mostly covered in slimy green
                  | scales. (AC +3) [demonic ancestry]
  8300 | D:8      | Reached XP level 10. HP: 76/76 MP: 10/10
  8433 | D:8      | Killed Prince Ribbit
  8640 | D:8      | Found a sparkling altar of Nemelex Xobeh.
 10190 | D:9      | Noticed a two-headed ogre
 10201 | D:9      | Killed a two-headed ogre
 10243 | D:9      | Found a blossoming altar of Fedhas.
 10323 | D:9      | Found a staircase to the Lair.
 10364 | D:8      | Reached skill level 10 in Shields
 11345 | D:9      | Gained mutation: You are somewhat inexperienced. (-2 XL)
                  | [Ru sacrifice]
 11345 | D:9      | Reached XP level 9. HP: 71/71 MP: 9/9
 11345 | D:9      | Reached XP level 8. HP: 65/65 MP: 8/8
 11345 | D:9      | Reached * piety under Ru
 11345 | D:9      | Reached ** piety under Ru
 11345 | D:9      | Reached *** piety under Ru
 11366 | D:9      | Found a hazy altar of Hepliaklqana.
 11376 | D:9      | Reached XP level 9. HP: 71/71 MP: 9/9
 11513 | D:9      | Noticed an unseen horror
 11666 | D:8      | Killed a troll
 11768 | D:8      | Noticed a gargoyle
 11792 | D:8      | Killed a gargoyle
 12066 | D:8      | Gained mutation: You do not regenerate when monsters are
                  | visible. [potion of mutation]
 12066 | D:8      | Gained mutation: You expend magic power (3 MP) to
                  | strengthen your wands. [potion of mutation]
 12066 | D:8      | Gained mutation: Scrolls take you a little longer to read.
                  | [potion of mutation]
 12066 | D:8      | Gained mutation: You are agile. (Dex +2) [potion of
                  | mutation]
 12234 | D:9      | Killed an unseen horror
 12495 | D:10     | Entered Level 10 of the Dungeon
 12652 | D:10     | Noticed Erolcha
 12908 | D:10     | Reached XP level 10. HP: 79/79 MP: 10/10
 13362 | D:10     | Killed Erolcha
 13620 | D:10     | Noticed an unseen horror
 13635 | D:10     | Killed an unseen horror
 14306 | D:11     | Noticed a two-headed ogre
 14547 | D:11     | Found a runed translucent gate.
 14547 | D:11     | Found a runed translucent gate.
 14547 | D:11     | Found a runed translucent gate.
 14574 | D:11     | Noticed a two-headed ogre
 14587 | D:11     | Killed a two-headed ogre
 14685 | D:11     | Noticed a two-headed ogre
 14703 | D:11     | Killed a two-headed ogre
 14785 | D:11     | Gained mutation: You cannot study or cast Ice magic. [Ru
                  | sacrifice]
 14785 | D:11     | Gained mutation: You cannot study or cast Transmutations
                  | magic. [Ru sacrifice]
 14785 | D:11     | Gained mutation: You cannot study or cast Charms magic. [Ru
                  | sacrifice]
 14785 | D:11     | Reached **** piety under Ru
 14929 | D:11     | Reached XP level 11. HP: 83/84 MP: 11/11
 15834 | D:10     | Killed a two-headed ogre
 15974 | D:11     | Noticed Nebesus's ghost (journeyman KoBe)
 15974 | D:11     | Noticed Mesmaeker13's ghost (journeyman TrMo)
 15974 | D:11     | Noticed brucemayne's ghost (novice HOMo)
 16570 | D:10     | Killed Nebesus's ghost
 16666 | D:11     | Found a staircase to the Orcish Mines.
 16716 | D:11     | Reached skill level 4 in Axes
 17275 | D:12     | Noticed a two-headed ogre
 17287 | D:12     | Killed a two-headed ogre
 17494 | D:12     | Noticed a two-headed ogre
 17602 | D:12     | Killed a two-headed ogre
 17602 | D:12     | Reached skill level 5 in Axes
 17943 | D:12     | Noticed a deep elf mage
 17964 | D:12     | Killed a deep elf mage
 18040 | D:12     | Noticed a cyan ugly thing
 18057 | D:12     | Killed a cyan ugly thing
 18057 | D:12     | Reached skill level 6 in Axes
 18323 | D:12     | Gained mutation: You are completely covered in slimy green
                  | scales. (AC +4, rPois) [demonic ancestry]
 18323 | D:12     | Reached XP level 12. HP: 67/94 MP: 12/12
 18644 | D:12     | Reached skill level 7 in Axes
 18997 | D:12     | Gained mutation: You cannot be stealthy. [Ru sacrifice]
 18997 | D:12     | Reached ***** piety under Ru
 19362 | D:13     | Noticed Urug
 19374 | D:13     | Killed Urug
 19379 | D:13     | Reached skill level 8 in Axes
 19789 | D:13     | Noticed a tengu warrior
 19812 | D:13     | Killed a tengu warrior
 20171 | D:13     | Noticed Rupert
 20509 | D:14     | Noticed Louise
 20576 | D:14     | Noticed a two-headed ogre
 20590 | D:14     | Killed a two-headed ogre
 20695 | D:14     | Found a flickering gateway to a bazaar.
 20699 | Bazaar   | Entered a bazaar
 20715 | Bazaar   | Found Goedingi's Distillery.
 20746 | Bazaar   | Found Gicueh's Distillery.
 20768 | Bazaar   | Found Muixu's Gadget Shoppe.
 20794 | Bazaar   | Found Macump's Gadget Shoppe.
 20840 | Bazaar   | Bought a potion of might for 36 gold pieces
 20840 | Bazaar   | Bought 2 potions of heal wounds for 90 gold pieces
 20840 | Bazaar   | Bought a potion of mutation for 72 gold pieces
 20840 | Bazaar   | Lost mutation: You are agile. (Dex +2) [potion of mutation]
 20840 | Bazaar   | Lost mutation: Scrolls take you a little longer to read.
                  | [potion of mutation]
 20840 | Bazaar   | Lost mutation: You do not regenerate when monsters are
                  | visible. [potion of mutation]
 20840 | Bazaar   | Gained mutation: Scrolls take you a little longer to read.
                  | [potion of mutation]
 20840 | Bazaar   | Gained mutation: Your spells are a little harder to cast,
                  | but a little more powerful. [potion of mutation]
 20840 | Bazaar   | Gained mutation: You are robust. (+10% HP) [potion of
                  | mutation]
 20840 | Bazaar   | Gained mutation: Your muscles are strong. (Str +2) [potion
                  | of mutation]
 20870 | Bazaar   | Bought 2 potions of might for 96 gold pieces
 20870 | Bazaar   | Bought 2 potions of heal wounds for 120 gold pieces
 20870 | Bazaar   | Bought a potion of might for 48 gold pieces
 20870 | Bazaar   | Bought a potion of mutation for 96 gold pieces
 20898 | Bazaar   | Bought a potion of berserk rage for 45 gold pieces
 20898 | Bazaar   | Bought a potion of berserk rage for 45 gold pieces
 20952 | D:14     | Reached skill level 9 in Axes
 21072 | D:14     | Found Vinami's Armour Shop.
 21109 | D:14     | Found a blossoming altar of Fedhas.
 21152 | D:14     | Found Apilehen's Book Shop.
 21230 | D:14     | Killed Louise
 21230 | D:14     | Reached skill level 10 in Axes
 21352 | D:14     | Noticed a two-headed ogre
 21357 | D:14     | Killed a two-headed ogre
 21446 | D:14     | Noticed a six-headed hydra
 21448 | D:14     | Noticed a two-headed ogre
 21454 | D:14     | Noticed a centaur warrior
 21466 | D:14     | Killed a one-headed hydra
 21466 | D:14     | Gained mutation: You sometimes gain a little power by
                  | taking damage. [demonic ancestry]
 21466 | D:14     | Reached XP level 13. HP: 64/111 MP: 13/13
 21892 | D:14     | Reached skill level 11 in Axes
 22284 | D:14     | Reached skill level 10 in Fighting
 22475 | D:14     | Found a gate to the Vaults.
 22559 | D:15     | Entered Level 15 of the Dungeon
 22677 | D:15     | Noticed a fire dragon
 23029 | D:14     | Noticed a jiangshi
 23143 | D:15     | Reached skill level 12 in Axes
 24115 | D:15     | Found a staircase to the Depths.
 24694 | D:15     | Found an ancient bone altar of Kikubaaqudgha.
 24932 | Orc:1    | Entered Level 1 of the Orcish Mines
 25353 | Orc:2    | Entered Level 2 of the Orcish Mines
 25533 | Orc:2    | Reached XP level 14. HP: 91/122 MP: 14/14
 25822 | Orc:1    | Reached skill level 13 in Axes
 26156 | Orc:2    | Paralysed by an ogre mage for 2 turns
 26475 | Orc:2    | Found Meloukk's General Store.
 26528 | Orc:2    | Noticed Sonja
 26530 | Orc:2    | Noticed Donald
 27061 | Orc:1    | You fall into a shaft and drop 1 floor!
 27125 | Orc:1    | Noticed Sonja
 27125 | Orc:1    | Sonja changed into Sonja the acid dragon
 27131 | Orc:1    | Killed Sonja the acid dragon
 27705 | Lair:1   | Entered Level 1 of the Lair of Beasts
 27815 | Lair:1   | Found a gate leading to a gauntlet.
 27907 | Gauntlet | Entered a Gauntlet
 27907 | Gauntlet | Found a transporter.
 27917 | Gauntlet | Found a transporter.
 27925 | Gauntlet | Found a transporter.
 27927 | Gauntlet | Found a transporter.
 27936 | Gauntlet | Found a transporter.
 27948 | Gauntlet | Found a runed translucent door.
 27952 | Gauntlet | Found a transporter.
 27961 | Gauntlet | Found a transporter.
 27971 | Gauntlet | Found a transporter.
 27985 | Gauntlet | Found a transporter.
 27999 | Gauntlet | Found a transporter.
 27999 | Gauntlet | Found a transporter.
 28042 | Gauntlet | Found a transporter.
 28057 | Gauntlet | Found a transporter.
 28070 | Gauntlet | Found a transporter.
 28243 | Gauntlet | Got a transparent granite ring
 28251 | Gauntlet | Identified the ring "Ykkocwio" {Int+4 Dex+3 SInv Stlth+}
                  | (You found it in a Gauntlet)
 28268 | Gauntlet | Identified the +6 scythe "Notriamien" {speed, rC+}
 29477 | Lair:2   | Found a hole to the Spider Nest.
 29925 | Lair:2   | Gained mutation: You are hated by all. [Ru sacrifice]
 29925 | Lair:2   | Reached ****** piety under Ru
 30307 | Lair:3   | Found a staircase to the Shoals.
 30498 | Lair:3   | Reached skill level 14 in Axes
 31413 | Lair:4   | Noticed Snorg
 31422 | Lair:4   | Killed Snorg
 32044 | Lair:5   | Got a transparent plate armour
 32055 | Lair:5   | Identified the +6 plate armour of the Nexus {Str+8} (You
                  | found it on level 5 of the Lair of Beasts)
 32189 | Lair:5   | Reached XP level 15. HP: 132/132 MP: 15/15
 32796 | Lair:5   | Found a runed translucent door.
 32796 | Lair:5   | Found a viscous altar of Jiyva.
 32796 | Lair:5   | Found a staircase to the Slime Pits.
 32796 | Lair:5   | Noticed an acid blob
 32796 | Lair:5   | Noticed an acid blob
 33218 | D:11     | Killed brucemayne's ghost
 33467 | Orc:2    | Killed Donald
 33558 | Orc:2    | Found Feot's Antique Armour Shoppe.
 33563 | Orc:2    | Found Ebeefras's Assorted Antiques.
 33580 | Orc:2    | Found Netaec's Gadget Shoppe.
 33605 | Orc:2    | Bought 2 scrolls labeled ZOKERA YZOZI for 64 gold pieces
 33647 | Orc:2    | Bought a runed cloak for 217 gold pieces
 33808 | Orc:2    | Found a staircase to the Elven Halls.
 33973 | Orc:2    | Bought a bronze plate armour for 896 gold pieces
 33983 | Orc:2    | Identified the +4 plate armour of Trog's Fury {+Blink +Fly
                  | Str+5} (You bought it in a shop on level 2 of the Orcish
                  | Mines)
 34205 | Lair:6   | Entered Level 6 of the Lair of Beasts
 34276 | Lair:6   | Reached skill level 10 in Armour
 34364 | Lair:6   | Reached skill level 1 in Evocations
 34593 | Lair:6   | Reached skill level 15 in Axes
 35468 | Lair:6   | Paralysed by a hornet for 3 turns
 35741 | Spider:1 | Entered Level 1 of the Spider Nest
 36066 | Spider:1 | Reached skill level 5 in Throwing
 36863 | Spider:1 | Gained mutation: You sometimes gain power by taking damage.
                  | [demonic ancestry]
 36863 | Spider:1 | Reached XP level 16. HP: 120/141 MP: 18/18
 39023 | Spider:2 | You fall into a shaft and drop 1 floor!
 39236 | Spider:3 | Reached skill level 5 in Evocations
 40244 | Spider:3 | Reached skill level 16 in Axes
 41219 | Spider:4 | Entered Level 4 of the Spider Nest
 41595 | Spider:4 | Reached XP level 17. HP: 135/150 MP: 16/21
 42825 | Spider:4 | Got a gossamer rune of Zot
 43199 | Vaults:1 | Entered Level 1 of the Vaults
 44471 | Vaults:1 | Reached skill level 17 in Axes
 44773 | Vaults:1 | Gained mutation: A demonic guardian rushes to your aid.
                  | [demonic ancestry]
 44773 | Vaults:1 | Reached XP level 18. HP: 108/159 MP: 23/23
 45477 | Vaults:2 | Found a staircase to the Crypt.
 45958 | Vaults:2 | HP: 4/161 [deep elf mage/bolt of lightning (24)]
 47158 | Vaults:2 | Noticed Sojobo
 47185 | Vaults:2 | Noticed Mennas
 47212 | Vaults:2 | Killed Mennas
 47212 | Vaults:2 | Reached skill level 18 in Axes
 47856 | Vaults:2 | Reached skill level 15 in Shields
 47862 | Vaults:2 | Mutation became permanent: You are robust. (+10% HP)
                  | [demonic ancestry]
 47862 | Vaults:2 | Gained mutation: You are robust. (+10% HP) [demonic
                  | ancestry]
 47862 | Vaults:2 | Reached XP level 19. HP: 140/169 MP: 24/24
 48201 | Vaults:2 | Reached skill level 15 in Fighting
 48647 | Vaults:2 | Killed Sojobo
 48964 | Vaults:3 | Paralysed by a wizard for 3 turns
 49557 | Vaults:3 | Found a runed translucent door.
 49557 | Vaults:3 | Noticed christhawk's ghost (adept MiHu)
 50464 | Vaults:3 | Paralysed by a wizard for 3 turns
 50789 | Vaults:3 | Found a radiant altar of Vehumet.
 50801 | Vaults:3 | Identified the cursed -3 hat "Iqizidu" {*Contam rN++ Str+8}
                  | (You found it on level 3 of the Vaults)
 50850 | Vaults:3 | Found Juon's Magic Scroll Shop.
 51458 | Vaults:1 | Lost mutation: Your muscles are strong. (Str +2) [potion of
                  | mutation]
 51458 | Vaults:1 | Lost mutation: Scrolls take you a little longer to read.
                  | [potion of mutation]
 51458 | Vaults:1 | Lost mutation: Your spells are a little harder to cast, but
                  | a little more powerful. [potion of mutation]
 51458 | Vaults:1 | Gained mutation: You are clumsy. (Dex -2) [potion of
                  | mutation]
 51458 | Vaults:1 | Gained mutation: You have large cloven feet. [potion of
                  | mutation]
 51589 | D:15     | Lost mutation: You have large cloven feet. [potion of
                  | mutation]
 51589 | D:15     | Lost mutation: You are clumsy. (Dex -2) [potion of
                  | mutation]
 51589 | D:15     | Gained mutation: You tend to lose your temper in combat.
                  | [potion of mutation]
 51589 | D:15     | Gained mutation: Your mind is acute. (Int +2) [potion of
                  | mutation]
 51976 | Spider:1 | Lost mutation: Your mind is acute. (Int +2) [potion of
                  | mutation]
 51976 | Spider:1 | Lost mutation: You tend to lose your temper in combat.
                  | [potion of mutation]
 51976 | Spider:1 | Lost mutation: You expend magic power (3 MP) to strengthen
                  | your wands. [potion of mutation]
 51976 | Spider:1 | Gained mutation: You are clumsy. (Dex -2) [potion of
                  | mutation]
 51976 | Spider:1 | Gained mutation: Your system is resistant to poisons.
                  | (rPois) [potion of mutation]
 51976 | Spider:1 | Gained mutation: Your spells are a little harder to cast,
                  | but a little more powerful. [potion of mutation]
 51976 | Spider:1 | Gained mutation: You expend magic power (3 MP) to
                  | strengthen your wands. [potion of mutation]
 52412 | Vaults:4 | Gained mutation: You are very robust. (+20% HP) [demonic
                  | ancestry]
 52412 | Vaults:4 | Reached XP level 20. HP: 125/198 MP: 25/25
 53402 | Vaults:4 | Found Tuxelew's Food Emporium.
 53939 | Vaults:4 | Reached skill level 15 in Armour
 54606 | Vaults:5 | Entered Level 5 of the Vaults
 55360 | Vaults:5 | Reached XP level 21. HP: 157/208 MP: 27/27
 55534 | Vaults:5 | Identified a scroll of acquirement
 55675 | Vaults:5 | Noticed a golden dragon
 55685 | Vaults:5 | Killed a golden dragon
 55828 | Vaults:5 | HP: 5/210 [titan (19)]
 56242 | Vaults:5 | Identified the +9 scimitar "Ogreslayer" {freeze, rF+ Int+8}
 56246 | Vaults:5 | Identified the cursed +1 scale mail of the Eagle {rPois rN+
                  | Str+4 Dex+3}
 56246 | Vaults:5 | Identified the amulet "Meqam" {+Rage rF+ Dex+3}
 56269 | Vaults:5 | HP: 4/210 [shadow dragon/bolt of negative energy (22)]
 56276 | Vaults:5 | HP: 7/210 [stone giant/large rock (23)]
 56283 | Vaults:5 | Noticed a golden dragon
 56288 | Vaults:5 | Found the +6 lightning scales {run, rElec}
 56300 | Vaults:5 | HP: 8/210 [white very ugly thing (17)]
 56309 | Vaults:5 | HP: 10/210 [war gargoyle/+0 great mace (16)]
 56313 | Vaults:5 | Slain by a stone giant

Levels and vault maps discovered:
D:1:      dpeg_arrival_caged_fury, layout_basic
D:2:      layout_loops_ring, uniq_natasha
D:3:      layout_basic, roderic_batcave, minmay_between
D:4:      layout_gridville, lemuel_round_altar, uniq_blork_the_orc
D:5:      layout_loops_corners, zin_statuary, dancing_weapons_uskayaw,
          minmay_temple_entry_waves, first_ration
D:6:      wad_guarded_room, layout_basic
D:7:      layout_loops_cross, kiku_gazebo_garden_becter,
          lemuel_coloured_pillars_altar, gammafunk_temple_overflow_wave,
          the_bakery, uniq_joseph
D:8:      minmay_slanted_spiral_squares, layout_basic,
          nicolae_overflow_crystal_walls, uniq_prince_ribbit1
D:9:      layout_irregular_city, fedhas_altar_2, kennysheep_mini_moat,
          erik_lair_orcish_takeover, hangedman_misty_isle
D:10:     layout_long_grid, uniq_erolcha
D:11:     layout_irregular_city, kennysheep_orc_monster_closet_entryway,
          gammafunk_ghost_cemetery, nooodl_orcs_dogs
D:12:     layout_gridville
D:13:     layout_roguey, uniq_urug, uniq_rupert
D:14:     layout_roguey, hangedman_vaults_entry_quadrant_bands, serial_shops,
          bzr_entry_dummy, shop, shop, basic_altar, minivault_14,
          hangedman_abyss_or_decor_stagger, uniq_louise
D:15:     gammafunk_depths_entry_grave, layout_cave_pods, basic_altar,
          chequers_serial_rivers_micro_b, serial_bayou_pond_a,
          corexii_hall_statues_deadend
Lair:1:   layout_gridlike, serial_forest, infiniplex_forest_clump_medium,
          infiniplex_forest_straight_1, infiniplex_forest_clump_small,
          infiniplex_forest_clump_medium, infiniplex_forest_lined_room_2,
          infiniplex_forest_straight_3, gauntlet_entry_generic
Lair:2:   layout_regular_city, spider_nest_entry_a
Lair:3:   layout_regular_city, minmay_shoals_entry_beasts
Lair:4:   layout_regular_city, serial_bayou_shore_b, uniq_snorg
Lair:5:   layout_small_grid, slime_altar_2, chequers_serial_rivers_marsh,
          grunt_megastairs_1, serial_bayou_shore_b
Lair:6:   minmay_lair_end_enchanted_forest, layout_regular_city
Spider:1: hangedman_creepy_crawlies, hangedman_spider_mandibles, zaba_anthell
Spider:2: layout_spider_delve, drop_trap
Spider:3: layout_chambers, hangedman_stitches_earthworm
Spider:4: guppyfry_spider_rune, guppyfry_spider_mini_2
Orc:1:    layout_caves
Orc:2:    st_orc_open, layout_caves, uniq_donald, uniq_sonja
Vaults:1: nicolae_vaults_twisting_passages, hangedman_vaults_stretched_pinwheel,
          v_misc_14, vaults_mumra_hex, vaults_dpeg_hooks, v_alt_pattern_2,
          v_pattern_4, vaults_room_door_ring, layout_vaults_quadrants
Vaults:2: minmay_crypt_entry_simple_corners, hangedman_vaults_slither,
          nicolae_vaults_murderbox, nicolae_vaults_network_barrier,
          vaults_mumra_chevron, nicolae_vaults_network_star,
          grunt_vaults_diagonal, nicolae_vaults_mini_display_case,
          v_alt_pattern_2, nicolae_vaults_windows_and_doors_thing,
          nicolae_vaults_ring_of_whatevers, vaults_room_large_hall,
          vaults_dpeg_diagonal, vaults_dpeg_encased_lava,
          layout_vaults_big_cross, uniq_mennas, uniq_sojobo
Vaults:3: gammafunk_vaults_ghost_grave, vaults_mumra_lcd, grunt_vaults_bifocal,
          nicolae_vaults_ninety_degrees, vaults_standard_mumra_x, v_misc_24,
          v_misc_12, grunt_tower_of_power, vaults_standard_mumra_lines,
          hangedman_vaults_nails, layout_vaults_ring, serial_shops, shop
Vaults:4: nicolae_vaults_back_hallway, v_rooms_4,
          nicolae_vaults_inception_corners, st_lines,
          nicolae_vaults_yaktaur_gun_rack, v_misc_16, ontoclasm_vaults_chip,
          vaults_room_semicircle, nicolae_vaults_diagonal_hallway_6,
          vaults_room_mumra_shop_pool, grunt_vaults_focal,
          layout_vaults_maze_snakey, portal_desolation_entry_garden
Vaults:5: serial_shops

Skill      XL: |  1  2  3  4  5  6  7  8  9 10 11 12 13 14 15 16 17 18 19 20 21 |
---------------+----------------------------------------------------------------+-----
Dodging        | 3 |  3.1
Axes           | 3 6 10 12 14 15 16 17 18 | 18.0
Throwing       | 2 4 5 6 7 8 |  8.3
Short Blades   | 1 2 3 4 6 |  6.2
Armour         | 1 2 3 4 5 8 9 10 11 12 13 14 15 | 15.7
Fighting       | 3 4 5 7 8 9 10 12 13 14 16 17 | 17.6
Shields        | 2 5 8 11 12 13 14 15 16 17 | 17.0
Evocations     | 3 6 7 8 9 |  9.3

Action                   |  1- 3 |  4- 6 |  7- 9 | 10-12 | 13-15 | 16-18 | 19-21 || total
-------------------------+-------+-------+-------+-------+-------+-------+-------++-------
Melee: War axe           |     9 |       |       |       |    86 |   480 |       ||   575
       Dagger            |   101 |   186 |   366 |   430 |       |       |       ||  1083
       Short sword       |       |       |   142 |   340 |       |       |       ||   482
       Spear             |       |       |    14 |       |       |       |       ||    14
       Broad axe         |       |       |       |   338 |  1090 |  1010 |  1061 ||  3499
       Hand axe          |       |       |       |    46 |   330 |       |       ||   376
       Scimitar          |       |       |       |    11 |    36 |       |       ||    47
Throw: Throwing net      |     2 |     1 |       |       |       |     2 |       ||     5
       Boomerang         |       |     5 |    10 |     5 |       |       |       ||    20
       Dart              |       |     2 |    10 |    73 |    70 |    94 |     1 ||   250
       Javelin           |       |       |       |       |     8 |     9 |     2 ||    19
Invok: Reject Sacrifices |       |       |     1 |       |     1 |       |       ||     2
       Sacrifice Experie |       |       |     1 |       |       |       |       ||     1
       Sacrifice Arcana  |       |       |       |     1 |       |       |       ||     1
       Sacrifice Stealth |       |       |       |     1 |       |       |       ||     1
       Apocalypse        |       |       |       |       |     2 |     1 |     2 ||     5
       Sacrifice Love    |       |       |       |       |     1 |       |       ||     1
 Abil: Evoke Flight      |       |       |       |     1 |       |       |       ||     1
Evoke: Wand              |       |       |       |       |     1 |     6 |       ||     7
  Use: Scroll            |     1 |       |    13 |    14 |     9 |    11 |    13 ||    61
       Potion            |       |       |     1 |     5 |     5 |     4 |    13 ||    28
 Stab: Sleeping          |       |     1 |     2 |       |       |       |       ||     3
       Held in net/web   |       |     1 |       |       |       |     4 |       ||     5
       Distracted        |       |       |     2 |     6 |    30 |     6 |     7 ||    51
       Invisible         |       |       |     2 |     7 |    11 |     8 |     6 ||    34
       Paralysed         |       |       |       |     1 |    11 |     9 |     4 ||    25
  Eat: Chunk             |     1 |     8 |    16 |    34 |    43 |    23 |    23 ||   148
       Ration            |       |       |     1 |     2 |     3 |     4 |     1 ||    11
Armor: Leather armour    |    37 |    53 |    93 |    40 |       |       |       ||   223
       Chain mail        |       |       |    52 |   127 |       |       |       ||   179
       Plate armour      |       |       |       |   264 |   597 |   562 |   234 ||  1657
       Gold dragon scale |       |       |       |       |       |       |    58 ||    58
Dodge: Dodged            |    79 |   149 |    95 |   150 |   210 |   206 |   125 ||  1014
Block: Large shield      |       |     6 |   316 |   954 |  1373 |  1198 |   743 ||  4590
